Map: Nightscape CE

Players

MeisterPoppe

  • Race: Protoss Protoss
  • Spawn Location: 1:00

Meisterpro

  • Race: Protoss Protoss
  • Spawn Location: 1:00

Nyck - Winner!

  • Race: Terran Terran
  • Spawn Location: 7:00

Ekelpack - Winner!

  • Race: Zerg Zerg
  • Spawn Location: 7:00

VOD

Have the link to the VOD?

Description

Time

  • Played on: Aug. 20, 2024, 3:12 p.m.
  • Length: 25:36
Show
View Real Time Build Order
Export as new Build Order

MeisterPoppe Protoss 

Build Orders: Cannon Rush, Carriers 

Get SALT Encoding   

  12  0:00  Probe  
  13  0:14  Pylon  
  13  0:18  Probe  
  14  0:33  Forge  
  14  0:41  Probe  
  15  0:53  Probe  
  16  1:05  Assimilator, Probe  
  17  1:21  Pylon  
  17  1:28  Pylon  
  17  1:33  Probe  
  18  1:41  Photon Cannon  
  18  1:43  Photon Cannon  
  18  1:45  Probe  
  19  1:49  Photon Cannon  
  19  2:00  Photon Cannon  
  19  2:05  Photon Cannon  
  19  2:16  Photon Cannon  
  19  2:20  Photon Cannon  
  19  2:25  Photon Cannon  
  19  2:28  Probe  
  20  2:41  Probe  
  21  3:03  Pylon  
  21  3:06  Photon Cannon  
  20  3:29  Probe  
  20  3:32  Nexus  
  21  3:41  Probe  
  22  3:47  Pylon  
  22  3:52  Photon Cannon  
  22  3:53  Probe (Chrono Boost)  
  23  4:05  Probe (Chrono Boost)  
  24  4:12  Probe (Chrono Boost)  
  24  4:13  Pylon  
  25  4:19  Probe, Photon Cannon  
  26  4:26  Pylon  
  26  4:32  Probe (Chrono Boost)  
  27  4:41  Photon Cannon  
  27  4:42  Probe (Chrono Boost)  
  27  4:45  Photon Cannon  
  28  4:47  Probe (Chrono Boost)  
  29  4:53  Photon Cannon  
  29  5:01  Photon Cannon  
  29  5:04  Photon Cannon  
  29  5:07  Photon Cannon  
  29  5:15  Probe (Chrono Boost)  
  31  5:25  Probe x2 (Chrono Boost)  
  32  5:30  Gateway, Probe (Chrono Boost)  
  32  5:32  Probe  
  32  5:34  Assimilator  
  34  5:41  Probe  
  35  5:44  Probe  
  35  5:49  Assimilator  
  36  5:51  Photon Cannon  
  36  5:52  Photon Cannon  
  36  5:53  Probe  
  36  5:54  Assimilator  
  37  6:00  Photon Cannon  
  37  6:35  Nexus  
  37  6:36  Probe (Chrono Boost)  
  38  6:44  Cybernetics Core  
  38  6:57  Pylon  
  38  6:58  Pylon  
  38  7:02  Pylon  
  38  7:05  Pylon  
  38  7:15  Probe x2  
  40  7:27  Probe x2  
  42  7:32  Stargate  
  42  7:33  Stargate  
  42  7:35  Stalker  
  42  7:36  Protoss Shields Level 1  
  44  7:39  Probe (Chrono Boost)  
  43  7:51  Probe (Chrono Boost)  
  43  7:53  Protoss Air Weapons Level 1  
  42  8:00  Probe (Chrono Boost)  
  42  8:05  Stalker, Probe  
  54  8:21  Void Ray x2 (Chrono Boost)  
  54  8:44  Pylon  
  54  8:47  Pylon  
  54  8:48  Stalker  
  54  8:52  Pylon  
  54  8:56  Pylon  
  54  8:58  Pylon  
  54  9:32  Nexus  
  58  9:38  Assimilator x2  
  58  9:40  Void Ray  
  58  9:53  Fleet Beacon  
  58  10:00  Probe (Chrono Boost)  
  59  10:11  Probe (Chrono Boost)  
  60  10:16  Probe (Chrono Boost)  
  61  10:37  Nexus  
  61  11:13  Carrier x2  
  61  11:14  Assimilator  
  61  11:17  Assimilator  
  73  11:25  Stargate  
  73  11:34  Twilight Council  
  73  11:40  Probe  
  73  11:42  Protoss Air Weapons Level 2 (Chrono Boost)  
  73  11:43  Probe  
  75  11:53  Probe  
  76  11:55  Probe  
  77  12:05  Protoss Shields Level 2, Probe  
  77  12:07  Probe  
  79  12:11  Carrier (Chrono Boost), Stargate  
  85  12:22  Carrier (Chrono Boost)  
  91  12:36  Probe  
  90  12:44  Carrier (Chrono Boost)  
  90  12:48  Probe  
  102  13:14  Carrier (Chrono Boost)  
  102  13:31  Carrier (Chrono Boost)  
  108  13:41  Pylon  
  108  13:44  Pylon  
  108  13:46  Pylon  
  108  13:47  Pylon  
  108  14:02  Carrier (Chrono Boost)  
  114  14:13  Nexus  
  114  14:16  Assimilator  
  114  14:21  Assimilator  
  114  14:22  Carrier  
  120  14:50  Protoss Shields Level 3, Protoss Air Weapons Level 3  
  110  15:41  Nexus  
  110  15:50  Carrier  
  110  15:53  Nexus  
  82  17:00  Carrier x4  
  99  17:50  Nexus  
  99  17:56  Assimilator  
  99  18:04  Carrier x2  
  111  18:41  Nexus  
  111  19:05  Probe  
  111  19:07  Probe  
  113  19:11  Probe  
  114  19:17  Probe  
  114  19:19  Probe  
  114  19:23  Probe  
  117  19:29  Probe  
  117  19:31  Probe  
  119  19:40  Probe  
  119  19:42  Probe  
  119  19:44  Assimilator  
  121  19:48  Assimilator  
  121  19:51  Protoss Air Armor Level 1  
  121  19:52  Probe  
  121  19:54  Probe (Chrono Boost)  
  121  19:55  Carrier  
  129  20:06  Probe (Chrono Boost)  
  131  20:09  Probe (Chrono Boost)  
  131  20:10  Probe (Chrono Boost)  
  133  20:16  Probe (Chrono Boost)  
  133  20:17  Probe (Chrono Boost)  
  133  20:20  Probe (Chrono Boost)  
  135  20:21  Probe (Chrono Boost)  
  135  20:22  Probe (Chrono Boost)  
  135  20:23  Carrier  
  143  20:34  Carrier  
  108  22:07  Carrier x4  
  130  23:11  Carrier x2  
  142  23:34  Carrier  
  88  24:11  Carrier  
Show
View Real Time Build Order
Export as new Build Order

Meisterpro Protoss 

Build Orders: Blink Stalkers 

Get SALT Encoding   

  12  0:00  Probe  
  13  0:12  Probe  
  14  0:19  Pylon  
  14  0:24  Probe  
  15  0:37  Probe  
  15  0:41  Gateway  
  16  0:49  Probe  
  17  0:58  Pylon  
  17  1:01  Probe  
  18  1:08  Assimilator  
  18  1:13  Probe  
  19  1:25  Probe  
  20  1:32  Zealot (Chrono Boost)  
  20  1:33  Cybernetics Core  
  22  1:40  Probe  
  23  1:52  Probe  
  24  1:54  Nexus  
  24  2:04  Probe  
  25  2:16  Probe  
  25  2:17  Warp Gate, Adept  
  25  2:19  Assimilator  
  25  2:22  Gateway  
  28  2:29  Probe  
  29  2:41  Probe  
  30  2:47  Pylon  
  30  2:49  Pylon  
  30  2:53  Probe  
  31  3:05  Adept, Probe  
  34  3:09  Twilight Council  
  34  3:22  Stalker  
  36  3:35  Adept  
  38  3:43  Blink (Chrono Boost)  
  38  3:53  Probe x2  
  40  3:58  Assimilator  
  40  4:05  Probe x2  
  42  4:10  Pylon  
  42  4:17  Probe x2  
  42  4:19  Robotics Facility  
  42  4:22  Forge  
  44  4:28  Stalker x2  
  44  4:29  Probe  
  49  4:41  Probe  
  49  4:43  Probe  
  51  4:53  Probe  
  51  4:56  Protoss Shields Level 1  
  52  5:07  Warp Prism  
  52  5:11  Stalker x2  
  52  5:12  Probe x2  
  60  5:23  Gateway  
  60  5:24  Gateway, Probe  
  49  5:53  Adept x2, Immortal (Chrono Boost)  
  55  6:03  Probe x2  
  57  6:06  Assimilator  
  57  6:10  Photon Cannon  
  57  6:11  Photon Cannon  
  57  6:19  Adept  
  57  6:20  Adept x3  
  57  6:24  Immortal (Chrono Boost)  
  69  6:34  Probe  
  70  6:46  Pylon  
  70  6:48  Pylon  
  70  7:04  Probe x2, Immortal  
  70  7:06  Sentry  
  70  7:08  Adept x3  
  82  7:28  Shield Battery  
  82  7:42  Stalker x3  
  82  8:05  Stalker x2  
  72  8:42  Adept x4  
  66  9:19  Adept  
  66  9:20  Adept x3  
  66  9:23  Protoss Ground Weapons Level 1 (Chrono Boost), Immortal  
  78  9:42  Gateway  
  78  9:44  Gateway, Probe  
  78  9:45  Gateway, Probe  
  80  9:48  Gateway  
  80  9:49  Nexus  
  80  9:52  Assimilator  
  80  9:55  Assimilator  
  80  9:56  Adept x2, Probe  
  80  9:57  Probe  
  80  9:58  Pylon  
  86  10:01  Pylon  
  86  10:07  Pylon  
  86  10:09  Pylon  
  86  10:16  Probe x2, Immortal  
  92  10:28  Probe x2  
  94  10:32  Charge (Chrono Boost), Stalker x4  
  102  10:40  Probe x2  
  104  10:45  Stalker x4  
  112  11:02  Adept x3  
  112  11:03  Adept  
  120  11:17  Protoss Ground Armor Level 1  
  120  11:18  Stalker x3  
  120  11:19  Stalker  
  118  11:57  Zealot x7  
  132  12:02  Resonating Glaives (Chrono Boost)  
  132  12:09  Dark Shrine  
  132  12:14  Templar Archives  
  132  12:15  Probe  
  133  12:16  Robotics Bay  
  133  12:42  Pylon  
  133  12:43  Pylon  
  133  12:45  Pylon  
  133  12:47  Pylon  
  133  13:00  Probe  
  134  13:11  Sentry x3  
  134  13:12  Sentry  
  142  13:18  Protoss Shields Level 2, High Templar x4  
  146  13:54  Zealot  
  146  13:55  Zealot x7  
  158  14:00  Shadow Stride  
  158  14:01  Extended Thermal Lance  
  162  14:10  Pylon  
  162  14:14  Pylon  
  162  14:15  Pylon  
  162  14:17  Pylon  
  162  14:18  Pylon  
  162  14:25  Colossus (Chrono Boost)  
  142  15:11  Warp Prism  
  142  15:38  Assimilator, Pylon  
  142  15:39  Pylon  
  142  15:40  Assimilator  
  142  15:43  Protoss Ground Weapons Level 2  
  142  15:47  Colossus  
  127  16:47  Stalker x6  
  129  16:48  Stalker  
  141  17:17  Probe x3  
  144  17:29  Probe x2  
  145  17:30  Probe  
  125  17:41  Probe x2  
  125  17:42  Probe  
  124  17:48  Psionic Storm  
  124  18:10  Dark Templar x3  
  124  18:11  Dark Templar x5  
  122  19:19  Pylon  
  122  19:22  Assimilator, Nexus  
  122  19:24  Protoss Ground Weapons Level 3 (Chrono Boost)  
  122  19:27  Assimilator  
  122  19:33  Colossus  
  128  19:41  Nexus  
  128  19:42  Assimilator  
  128  19:44  Assimilator  
  128  19:53  Pylon  
  128  19:56  Assimilator  
  119  21:03  Stalker x8  
  135  21:06  Nexus  
  135  21:22  Pylon  
  120  21:44  Stalker x8  
  107  22:04  Protoss Ground Armor Level 2  
  73  22:14  Observer (Chrono Boost)  
  44  22:24  Stalker x8  
  44  22:25  Observer (Chrono Boost)  
  45  22:36  Assimilator  
  45  22:37  Assimilator  
  45  22:50  Observer  
  44  22:54  Stalker x4  
  44  22:55  Stalker x2  
  43  23:26  Stalker x4  
  50  23:27  Stalker  
  32  23:42  Stalker x3  
  16  24:06  Stalker x2  
  14  24:35  High Templar  
  14  24:36  High Templar x3  
Show
View Real Time Build Order
Export as new Build Order

Nyck Terran - Winner!

Build Orders:  

Get SALT Encoding   

  12  0:00  SCV  
  13  0:12  SCV  
  14  0:17  Supply Depot  
  14  0:25  SCV  
  15  0:40  SCV  
  15  0:42  Barracks  
  16  0:53  Barracks  
  16  0:54  SCV  
  17  1:03  Refinery  
  17  1:08  Supply Depot  
  17  1:12  SCV  
  18  1:31  Orbital Command  
  18  1:36  Barracks  
  18  1:40  Marine  
  20  1:49  Barracks Tech Lab  
  19  1:58  Marine  
  19  2:00  SCV  
  20  2:15  Marine  
  20  2:19  Marauder  
  23  2:29  Factory  
  23  2:38  Bunker  
  23  2:41  SCV  
  24  3:00  SCV  
  24  3:04  Refinery  
  24  3:16  Factory Tech Lab  
  24  3:20  Barracks Tech Lab  
  24  3:21  Barracks Tech Lab  
  24  3:30  Marauder  
  26  3:44  Siege Tank  
  26  3:48  Marine x2  
  31  4:06  Supply Depot  
  31  4:27  Marine x3  
  31  4:28  SCV, Siege Tank  
  31  4:29  Supply Depot  
  38  4:40  SCV  
  38  4:42  Combat Shield  
  38  4:44  Concussive Shells  
  39  4:53  Supply Depot  
  39  5:15  SCV  
  39  5:16  Supply Depot  
  40  5:22  Command Center  
  40  5:25  Marauder x3  
  40  5:27  SCV  
  47  5:30  Siege Tank  
  50  5:39  Supply Depot, SCV  
  51  5:46  Marine x3  
  52  6:04  Marauder x2  
  52  6:11  Marine  
  52  6:13  SCV  
  54  6:25  SCV, Marine x2  
  56  6:29  Marine  
  56  6:41  SCV  
  56  6:43  Reaper x2  
  59  6:47  Reaper  
  59  6:50  Command Center  
  60  7:15  Marine, Reaper  
  62  7:19  Marine  
  63  7:25  SCV x2  
  65  7:33  Marine  
  66  7:37  SCV x2  
  66  8:02  SCV  
  67  8:06  Orbital Command  
  67  8:09  Refinery  
  67  8:11  Refinery  
  63  8:41  SCV x2  
  59  9:01  SCV x2  
  61  9:06  Command Center  
  61  9:08  Marine x2  
  61  9:09  Marine  
  54  9:28  SCV  
  54  9:29  SCV  
  56  9:36  Orbital Command  
  56  9:40  SCV  
  56  9:41  SCV  
  56  9:43  Marine x3  
  61  10:00  Starport  
  61  10:01  Marine x3  
  61  10:02  Starport x2  
  61  10:07  SCV x3  
  63  10:19  SCV x3  
  66  10:31  Armory  
  66  10:35  Armory  
  66  10:36  SCV  
  66  10:38  Starport  
  67  10:43  Starport  
  67  10:48  SCV  
  67  10:49  Starport Tech Lab x3  
  68  10:57  Refinery  
  68  10:59  Marine x3  
  68  11:00  SCV  
  72  11:12  SCV  
  73  11:19  SCV x2  
  73  11:24  SCV, Refinery  
  76  11:31  SCV x2  
  78  11:36  Viking  
  78  11:37  Viking x3  
  86  12:06  Terran Vehicle And Ship Armor Level 1, Viking  
  86  12:07  Terran Ship Weapons Level 1, Viking x3  
  94  12:10  Starport Reactor  
  94  12:35  SCV  
  94  12:36  SCV x2, Viking x2  
  94  12:37  Viking x2  
  105  12:45  Marine x2  
  105  12:46  Marine  
  105  12:48  SCV x3  
  111  13:00  SCV  
  111  13:01  SCV x2  
  111  13:02  Viking  
  111  13:03  Viking  
  118  13:06  Viking x2  
  118  13:07  Viking x2  
  126  13:18  SCV  
  127  13:30  SCV  
  127  13:32  Viking  
  127  13:33  Viking  
  127  13:34  Engineering Bay  
  132  13:36  Viking x3  
  132  13:37  Refinery, Viking  
  132  13:39  Refinery  
  140  13:42  SCV  
  140  13:44  Command Center  
  132  13:54  SCV  
  124  14:00  Terran Vehicle And Ship Armor Level 2  
  124  14:02  Terran Ship Weapons Level 2, Viking x2  
  124  14:06  SCV, Viking x3  
  124  14:07  SCV x3, Viking  
  140  14:15  Neosteel Armor  
  140  14:31  SCV x3  
  143  14:32  Viking x2  
  143  14:37  Viking  
  148  14:39  Viking  
  148  14:41  Viking  
  147  14:57  Command Center  
  147  15:11  SCV  
  148  15:55  SCV  
  148  15:56  SCV x2  
  148  16:09  Command Center  
  148  16:36  Raven, SCV x2  
  148  16:37  Viking  
  148  16:38  SCV  
  148  16:39  Viking  
  147  16:40  Banshee, Viking  
  134  16:49  Viking  
  134  16:51  Terran Ship Weapons Level 3  
  134  16:52  Terran Vehicle And Ship Armor Level 3  
  106  17:07  Banshee  
  109  17:09  SCV x2, Banshee, Viking  
  109  17:10  SCV, Viking  
  119  17:19  Viking  
  119  17:20  Orbital Command  
  121  17:23  Banshee  
  124  17:39  Viking x2  
  128  17:45  Orbital Command  
  128  17:49  Viking  
  128  17:50  Refinery, Banshee  
  133  17:52  SCV, Refinery, Banshee  
  137  18:04  SCV  
  138  18:06  Banshee  
  138  18:07  SCV x2  
  138  18:08  SCV  
  138  18:09  Viking x2  
  148  18:17  SCV  
  148  18:19  Viking  
  149  18:29  SCV  
  149  18:32  Banshee  
  153  18:35  Banshee  
  153  18:39  Viking x2  
  160  18:49  Banshee  
  163  19:03  Supply Depot  
  163  19:21  Supply Depot  
  163  19:24  Banshee x2  
  163  19:25  SCV  
  163  19:26  Supply Depot  
  163  19:27  Command Center  
  163  19:30  Terran Vehicle Weapons Level 1  
  170  19:37  SCV  
  171  19:40  Viking x4  
  171  19:45  Supply Depot  
  179  19:46  Refinery  
  179  19:48  Supply Depot  
  179  19:49  SCV  
  180  20:01  SCV  
  181  20:07  Viking x2  
  181  20:08  Supply Depot  
  181  20:10  Viking x4  
  181  20:11  Supply Depot  
  181  20:13  SCV  
  177  20:28  Cloaking Field  
  177  20:32  Supply Depot  
  177  20:33  Supply Depot  
  165  20:37  Viking x2  
  165  20:40  Viking x4  
  162  20:55  Supply Depot  
  154  21:07  Viking x2  
  154  21:10  Viking x4  
  108  21:37  Viking x2  
  103  21:40  Viking x4  
  108  21:52  SCV x3  
  108  22:07  Viking x2  
  110  22:09  Liberator  
  110  22:10  Viking x3  
  119  22:22  SCV x3  
  122  22:26  Refinery  
  122  22:27  Refinery  
  122  22:37  Liberator x2  
  122  22:39  Liberator x3  
  134  22:52  Liberator  
  131  23:13  SCV x2  
  131  23:14  SCV  
  134  23:20  Liberator x2  
  134  23:22  Liberator x3  
  134  23:25  SCV x3  
  134  23:26  SCV  
  153  23:35  Liberator  
  128  24:03  Liberator x2  
  128  24:05  Liberator  
  128  24:09  Liberator x2  
  135  24:29  Liberator  
  138  24:45  Liberator  
Show
View Real Time Build Order
Export as new Build Order

Ekelpack Zerg - Winner!

Build Orders: Pool First 

Get SALT Encoding   

  12  0:00  Drone  
  13  0:09  Drone  
  14  0:18  Overlord  
  14  0:33  Spawning Pool  
  13  0:35  Drone  
  14  0:46  Drone x2  
  16  0:50  Drone  
  17  0:59  Drone  
  17  1:00  Extractor  
  17  1:08  Drone  
  18  1:20  Queen  
  18  1:21  Overlord  
  20  1:31  Roach Warren  
  19  1:33  Drone  
  20  1:43  Drone  
  21  1:53  Overlord  
  21  2:18  Roach x2  
  25  2:25  Roach  
  27  2:31  Roach x3  
  33  2:39  Roach  
  35  2:53  Roach  
  37  3:01  Overlord  
  39  3:20  Roach x3  
  39  3:23  Extractor  
  42  3:32  Roach  
  44  3:34  Overlord  
  44  3:50  Roach  
  44  3:51  Overlord  
  44  3:52  Overlord  
  46  3:58  Lair  
  46  4:06  Roach  
  46  4:09  Roach  
  50  4:16  Roach  
  52  4:21  Roach x2  
  56  4:29  Roach  
  56  4:30  Roach  
  60  4:48  Evolution Chamber  
  60  4:52  Roach x4  
  67  4:53  Overlord  
  67  5:03  Roach  
  69  5:08  Overlord  
  69  5:14  Zerg Missile Weapons Level 1  
  69  5:27  Drone  
  69  5:28  Drone x2  
  72  5:34  Hydralisk Den  
  69  6:07  Grooved Spines  
  69  6:08  Hydralisk x2  
  69  6:11  Overlord, Hydralisk  
  75  6:47  Queen  
  75  6:51  Drone  
  78  6:57  Hatchery  
  77  7:03  Drone x3  
  72  7:52  Drone x2  
  74  8:02  Drone x5  
  79  8:16  Hydralisk  
  79  8:17  Hydralisk x3  
  85  8:45  Hydralisk x6  
  97  8:55  Hydralisk x2  
  95  9:01  Extractor  
  98  9:07  Extractor  
  87  9:25  Hydralisk x5  
  87  9:29  Drone  
  98  9:54  Drone x2  
  98  9:55  Overlord  
  98  9:56  Overlord  
  98  9:57  Zerg Missile Weapons Level 2  
  100  10:13  Overlord x2  
  100  10:16  Drone x3  
  103  10:30  Muscular Augments  
  103  11:00  Hydralisk x4  
  103  11:01  Hydralisk  
  103  11:04  Hatchery  
  112  11:08  Hydralisk x2  
  116  11:15  Infestation Pit  
  116  11:17  Drone  
  112  12:01  Hydralisk x5  
  112  12:02  Hydralisk x5  
  112  12:07  Overlord  
  112  12:08  Overlord  
  132  12:17  Hive  
  132  12:54  Zerg Ground Armor Level 1  
  132  13:06  Hatchery  
  131  13:24  Overlord x2  
  131  13:41  Pneumatized Carapace  
  131  13:52  Hydralisk x5  
  131  13:53  Hydralisk x4  
  149  14:15  Drone x3  
  149  14:16  Drone x6  
  158  14:17  Drone  
  159  14:48  Queen, Zerg Missile Weapons Level 3  
  159  14:51  Extractor  
  159  14:52  Drone x3  
  105  15:33  Hydralisk x6  
  105  15:34  Hydralisk x5  
  121  15:54  Hydralisk  
  121  15:55  Hydralisk x7  
  121  15:56  Hydralisk x2  
  141  16:22  Hydralisk  
  141  16:23  Hydralisk x4  
  141  16:24  Overlord x3  
  151  17:09  Hatchery  
  146  17:25  Zerg Ground Armor Level 2  
  116  17:44  Hydralisk x6  
  88  17:45  Hydralisk x6  
  88  17:46  Hydralisk x7  
  88  17:47  Hydralisk x2  
  130  18:24  Overlord  
  131  18:34  Drone x2  
  132  18:43  Overseer  
  132  18:44  Overseer  
  132  18:53  Lair  
  132  19:07  Extractor  
  132  19:09  Drone x3  
  134  19:29  Hydralisk x7  
  134  19:30  Hydralisk x6  
  134  19:31  Hydralisk x5  
  170  19:48  Hydralisk x4  
  165  20:09  Hatchery  
  162  20:18  Hydralisk x6  
  162  20:19  Hydralisk x3  
  180  20:27  Drone x2, Extractor  
  173  21:31  Hatchery  
  173  21:32  Extractor  
  171  21:37  Extractor  
  156  22:09  Overlord x2  
  156  22:10  Overlord  
  156  22:12  Hive  
  146  22:48  Overlord x3  
  146  23:05  Queen  
  148  23:21  Hydralisk x4  
  148  23:22  Hydralisk x2  
  140  23:41  Hydralisk x2  
  140  23:42  Hydralisk x6  
  124  24:13  Hydralisk x4  
  124  24:14  Hydralisk x4  
  128  24:34  Hydralisk  
  128  24:35  Overlord x2  
  130  24:57  Overseer  
  130  25:17  Hatchery  
Tags
 
Add a new tag
Caveats
  • Supply blocks, unpowered buildings, or Contaminate may cause inaccurate times.
  • Supply counts are checked every 10 seconds.